 Dungeon Crawl Stone Soup version 0.21-a0-402-gcbae7d1 (webtiles) character file.

1731 Mitsuki the Slinger (level 9, -5/62 HPs)
             Began as a Halfling Hunter on Oct 26, 2017.
             Was a Believer of Okawaru.
             Slain by a gnoll sergeant
             ... wielding a +0 spear
              (6 damage)
             ... on level 6 of the Dungeon.
             The game lasted 00:15:52 (7619 turns).

Mitsuki the Slinger (Halfling Hunter)               Turns: 7619, Time: 00:15:53

Health: -5/62      AC:  6    Str: 13    XL:     9   Next: 25%
Magic:  11/11      EV: 19    Int:  6    God:    Okawaru [**....]
Gold:   424        SH:  0    Dex: 18    Spells: 8/8 levels left

rFire    . . .     SeeInvis .   a - +1 hunting sling
rCold    . . .     Gourm    .   (shield restricted)
rNeg     . . .     Faith    .   c - +0 leather armour
rPois    .         Spirit   .   w - +1 helmet
rElec    .         Reflect  .   (no cloak)
rCorr    .         Harm     .   e - +0 pair of gloves
MR       .....                  (no boots)
Stlth    ++........             (no amulet)
HPRegen  0.20/turn              v - -3 ring of intelligence (curse)
MPRegen  0.12/turn              (no ring)

@: no status effects
A: mutation resistance 1
a: Heroism, Renounce Religion


You were on level 6 of the Dungeon.
You worshipped Okawaru.
Okawaru was pleased with you.
You were hungry.

You visited 2 branches of the dungeon, and saw 7 of its levels.

You collected 424 gold pieces.

Inventory:

Hand Weapons
 a - a +1 hunting sling (weapon)
 b - a +0 short sword
Missiles
 d - 29 sling bullets
 i - 44 stones (quivered)
 u - 3 curare-tipped needles
 y - 7 tomahawks of dispersal
Armour
 c - a +0 leather armour (worn)
 e - a +0 pair of gloves (worn)
 t - the +2 scale mail "Taluh" {rElec rPois rC- Stlth+}
   (You found it on level 5 of the Dungeon)

   It makes you vulnerable to cold.
   It insulates you from electricity.
   It protects you from poison.
   It makes you more stealthy.
 w - a +1 helmet (worn)
Jewellery
 v - a cursed -3 ring of intelligence (left hand)
Wands
 s - a wand of confusion (23/48)
 z - a wand of flame (24/48)
 B - a wand of paralysis (13/24)
 E - a wand of disintegration (13/24)
Scrolls
 g - 3 scrolls of identify
 j - a scroll of enchant weapon {unknown}
 k - 4 scrolls of fog
 l - 2 scrolls of teleportation
 m - 2 scrolls of amnesia
 n - 6 scrolls of remove curse
 o - a scroll of immolation {unknown}
 x - 3 scrolls of random uselessness {unknown}
 C - a scroll of fear {unknown}
Potions
 p - 4 potions of curing
 q - a potion of cancellation {unknown}
 r - a potion of agility
 A - 2 potions of might {unknown}
 F - 2 potions of mutation {unknown}
Comestibles
 f - 6 bread rations
 h - 2 meat rations
 D - 2 chunks of flesh


   Skills:
 + Level 5.9 Fighting
 + Level 10.5 Slings
 + Level 7.0 Dodging
 - Level 1.1 Stealth
 + Level 3.5 Invocations


You had 8 spell levels left.
You didn't know any spells.

Dungeon Overview and Level Annotations

Branches:
Dungeon (6/15)             Temple (1/1) D:4

Altars:
Ashenzari
Cheibriados
Fedhas
Gozag
Hepliaklqana
Kikubaaqudgha
Makhleb
Nemelex Xobeh
Okawaru
Ru
Sif Muna
Trog
Vehumet
Wu Jian
Xom
Yredelemnul
The Shining One
Beogh


Innate Abilities, Weirdness & Mutations

You are small and have problems with some larger weapons.
You are somewhat resistant to further mutation.


Message History

The gnoll sergeant is severely wounded.
The hobgoblin completely misses you.
The gnoll sergeant hits you from afar with a spear.
* * * LOW HITPOINT WARNING * * *
You take 6 damage, and have 1/62 hp.
Firing (i - inventory. (,) - cycle):
i - 46 stones (quivered)
Press: ? - help, Shift-Dir - straight line, f/p - gnoll sergeant
Aim: a gnoll sergeant, wielding a spear, wearing a ring mail and wearing a shield (severely wounded)
You shoot a stone.
The stone hits the gnoll sergeant but does no damage.
The gnoll sergeant is severely wounded.
The hobgoblin misses you.
Firing (i - inventory. (,) - cycle):
i - 45 stones (quivered)
Press: ? - help, Shift-Dir - straight line, f/p - gnoll sergeant
Aim: a gnoll sergeant, wielding a spear, wearing a ring mail and wearing a shield (severely wounded)
You shoot a stone.
The stone hits the gnoll sergeant but does no damage.
The gnoll sergeant is severely wounded.
The gnoll sergeant hits you from afar with a spear.
You die...

#.(# P..# #((#
P♣...##.. #.)#
♣♣PP....... #.(#
♣P♣..##.... #()#
#♣PP..##...
#g(######......#.#
#..#....'........#
#..#.g>.').......#
#(.'.)g@))÷......####
#''######♣..........#
#...
#PPPPP..#####.####
#... #♣PP♣...#
#...#.. #....
♣PPPP.## #.#...#
##### ♣P♣...# #...###
#..P ♣PPP...# #####
#.. P♣.....# P.....##


You could see a gnoll sergeant and a hobgoblin.

Vanquished Creatures
  An ice beast (D:5)
  A sky beast (D:5)
  2 centaurs (D:6)
  An ogre (D:4)
  A bullfrog (D:6)
  2 gnoll sergeants (D:6)
  A water moccasin skeleton (D:6)
  3 crimson imps
  2 jellies (D:6)
  5 hounds
  2 gnoll shamans (D:6)
  3 bullfrog skeletons
  4 orc wizards
  2 worker ants
  2 hound zombies (D:6)
  A hound skeleton (D:4)
  A howler monkey zombie (D:5)
  A worker ant zombie (D:6)
  9 gnolls
  10 adders
  2 river rats (D:4)
  A shadow imp (D:6)
  5 adder skeletons
  2 worms
  12 dart slugs
  5 leopard geckos
  20 orcs
  6 giant cockroaches
  10 hobgoblins
  4 jackals (D:1)
  3 quokkas
  3 ball pythons
  3 bats
  7 frilled lizards
  A giant cockroach zombie (D:5)
  6 goblins
  19 kobolds
  A leopard gecko skeleton (D:6)
  11 rats
175 creatures vanquished.

Notes
Turn   | Place    | Note
-------+----------+-------------------------------------------
     0 | D:1      | Mitsuki the Halfling Hunter began the quest for the Orb.
     0 | D:1      | Reached XP level 1. HP: 14/14 MP: 1/1
   190 | D:1      | Reached skill level 6 in Slings
   226 | D:1      | Found a roughly hewn altar of Beogh.
   227 | D:1      | Noticed an orc warrior
   249 | D:1      | Reached XP level 2. HP: 2/19 MP: 2/2
   852 | D:1      | Reached XP level 3. HP: 23/24 MP: 3/3
  1582 | D:2      | Reached XP level 4. HP: 30/30 MP: 4/4
  1986 | D:2      | Reached XP level 5. HP: 27/36 MP: 5/5
  2281 | D:2      | Reached skill level 7 in Slings
  3057 | D:3      | Found a deep blue altar of Sif Muna.
  3347 | D:4      | Reached XP level 6. HP: 42/42 MP: 6/6
  3462 | D:4      | Found a staircase to the Ecumenical Temple.
  3471 | Temple   | Entered the Ecumenical Temple
  3479 | Temple   | Became a worshipper of Warmaster Okawaru
  4148 | D:4      | Found an ancient bone altar of Kikubaaqudgha.
  4155 | D:4      | Found a blossoming altar of Fedhas.
  4194 | D:4      | Noticed an ogre
  4213 | D:4      | Reached skill level 8 in Slings
  4216 | D:4      | Killed an ogre
  4216 | D:4      | Reached XP level 7. HP: 48/48 MP: 7/7
  4236 | D:4      | Found an ornate altar of the Wu Jian Council.
  4328 | D:4      | Reached skill level 5 in Dodging
  4351 | D:4      | Found an opulent altar of Gozag.
  4351 | D:4      | Found a sacrificial altar of Ru.
  4578 | D:4      | Reached * piety under Okawaru
  4699 | D:5      | Entered Level 5 of the Dungeon
  4716 | D:5      | Got a bloodstained scale mail
  5337 | D:5      | Reached skill level 9 in Slings
  5337 | D:5      | Reached XP level 8. HP: 54/54 MP: 8/8
  5633 | D:5      | HP: 1/54 [ice beast (4)]
  6046 | D:6      | Found a hazy altar of Hepliaklqana.
  6048 | D:6      | Found a sparkling altar of Nemelex Xobeh.
  6064 | D:6      | Identified the +2 scale mail "Taluh" {rElec rPois rC- Stlth+} (You found it on level 5 of the Dungeon)
  6106 | D:6      | Reached skill level 5 in Fighting
  6130 | D:6      | Reached ** piety under Okawaru
  6141 | D:6      | Reached skill level 1 in Invocations
  6622 | D:6      | Reached skill level 10 in Slings
  7013 | D:6      | Reached XP level 9. HP: 43/61 MP: 10/10
  7170 | D:6      | Found a basalt altar of Yredelemnul.
  7172 | D:6      | Found a bloodstained altar of Trog.
  7617 | D:6      | HP: 1/62 [gnoll sergeant/spear (6)]
  7619 | D:6      | Slain by a gnoll sergeant

Vault maps used:
D:1:      erik_arrival_cave_to_civilisation, st_stairs_3,
          hangedman_decor_growths
D:2:      first_bread
D:3:      kennysheep_slugbush, marbit_many_paths
D:4:      overflow_temple_1_default, old_standard_altar,
          nicolae_overflow_crystal_walls, gammafunk_temple_overflow_statue,
          minmay_temple_entry_mist, portal_sewer_entry_e
D:6:      kennysheep_housing_project, lemuel_crystal_altar,
          nicolae_overflow_hidden_temple, minitemple, minmay_unpleasant_kobolds
Temple:   eino_temple_lava

Skill      XL: |  1  2  3  4  5  6  7  8  9 |
---------------+----------------------------+-----
Slings         | 6 7 8 9 10 | 10.5
Fighting       | 2 3 4 5 |  5.9
Dodging        | 3 4 5 6 7 |  7.0
Invocations    | 2 3 |  3.5
Stealth        | |  1.1

Action                   |  1- 3 |  4- 6 |  7- 9 || total
-------------------------+-------+-------+-------++-------
Melee: Short sword       |    14 |    21 |       ||    35
       Hunting sling     |       |     2 |       ||     2
 Fire: Hunting sling     |    83 |   274 |   551 ||   908
  Use: Scroll            |       |     8 |       ||     8
       Potion            |       |       |     3 ||     3
  Eat: Chunk             |     2 |     8 |     7 ||    17
       Meat ration       |       |       |     1 ||     1
Armor: Leather armour    |    15 |    37 |    39 ||    91
Dodge: Dodged            |    47 |    76 |   206 ||   329

Table legend:
 A = Spawn XP
 B = Non-spawn XP
 C = Spawn XP percentage of total XP
 D = Spawn monster count
 E = Non-spawn monster count
 F = Spawn count percentage of total count
 G = Total turns spent on level
                    A         B        C        D         E        F      G
               +---------+---------+-------+---------+---------+-------+---------
         Total |       0 |    2473 |   0.0 |       0 |     175 |   0.0 |  7619
               +---------+---------+-------+---------+---------+-------+---------
           D:1 |       0 |      53 |   0.0 |       0 |      29 |   0.0 |  1475
           D:2 |       0 |     113 |   0.0 |       0 |      21 |   0.0 |  1077
           D:3 |       0 |     106 |   0.0 |       0 |      31 |   0.0 |   873
           D:4 |       0 |     429 |   0.0 |       0 |      30 |   0.0 |  1256
           D:5 |       0 |     475 |   0.0 |       0 |      15 |   0.0 |  1205
           D:6 |       0 |    1297 |   0.0 |       0 |      49 |   0.0 |  1715
               +---------+---------+-------+---------+---------+-------+---------
